 Dungeon Crawl Stone Soup version 0.24.0-13-gcf9b319 (webtiles) character file.

Game seed: 9456250326141448336, levelgen mode: deterministic

3173 Bronimir the Zephyrmancer (level 9, -4/52 HPs)
             Began as a Tengu Air Elementalist on Mar 21, 2020.
             Was a Believer of Vehumet.
             Slain by a two-headed ogre
             ... wielding a +0 giant spiked club
              (19 damage)
             ... on level 9 of the Dungeon.
             The game lasted 00:30:38 (11633 turns).

Bronimir the Zephyrmancer (Tengu Air Elementalist) Turns: 11633, Time: 00:30:39

Health: -4/52      AC:  9    Str: 10    XL:     9   Next: 94%
Magic:  2/20       EV: 15    Int: 22    God:    Vehumet [**....]
Gold:   422        SH:  0    Dex: 17    Spells: 4/21 levels left

rFire    + + .     SeeInvis .   a - +7 quarterstaff (chaos)
rCold    . . .     Gourm    .   (shield currently unavailable)
rNeg     . . .     Faith    .   C - +2 leather armour of Ycinteco {rF++ Int+3}
rPois    .         Spirit   .   (helmet restricted)
rElec    .         Reflect  .   x - +0 cloak
rCorr    .         Harm     .   A - +2 pair of gloves (curse)
MR       .....                  (boots unavailable)
Stlth    ++........             (no amulet)
HPRegen  0.17/turn              h - +2 ring of intelligence
MPRegen  0.17/turn              (no ring)

@: flying quickly and evasively, quick
A: beak, talons 3, agile 1, robust 1, able to fly
a: Stop Flying, Renounce Religion


You were on level 9 of the Dungeon.
You worshipped Vehumet.
Vehumet was pleased with you.
You were near starving.

You visited 2 branches of the dungeon, and saw 10 of its levels.
You also visited: Bailey.

You collected 422 gold pieces.

Inventory:

Hand Weapons
 a - a +7 quarterstaff of chaos (weapon)
 b - a +0 shortbow of velocity
 r - a +0 hunting sling
 t - a +1 glaive
 y - a +0 whip of freezing
Missiles
 i - 186 stones
 j - 139 arrows
 z - 29 sling bullets
 K - 42 boomerangs (quivered)
 L - 3 poisoned darts
Armour
 e - a +2 shield
 l - a +0 leather armour
 m - a +0 robe
 x - a +0 cloak (worn)
 A - a cursed +2 pair of gloves (worn)
 C - the +2 leather armour of Ycinteco (worn) {rF++ Int+3}
   (You found it on level 4 of the Dungeon)

   It affects your intelligence (+3).
   It greatly protects you from fire.
Magical Staves
 I - an uncursed staff of fire
Jewellery
 h - a +2 ring of intelligence (left hand)
 N - an uncursed ring of protection from magic {unknown}
Wands
 n - a wand of random effects (53)
 F - a wand of digging (6)
 G - a wand of acid (9)
 H - a wand of iceblast (16)
Scrolls
 f - 3 scrolls of identify
 g - a scroll of amnesia
 p - 8 scrolls of remove curse
 q - a scroll of brand weapon {unknown}
 E - a scroll of teleportation
 J - a scroll of fog
 M - a scroll of blinking {unknown}
Potions
 d - 2 potions of curing
 k - a potion of mutation
 o - a potion of heal wounds
 s - a potion of flight {unknown}
 u - a potion of brilliance {unknown}
 v - 2 potions of lignification {unknown}
 w - 2 potions of agility
 B - 2 potions of magic {unknown}
 D - 2 potions of invisibility {unknown}
Comestibles
 c - 8 rations


   Skills:
 + Level 2.1 Fighting
 + Level 0.6(1.7) Maces & Flails
 + Level 2.2(2.9) Polearms
 + Level 2.6(3.1) Staves
 + Level 1.3 Slings
 + Level 0.8 Bows
 + Level 4.0 Armour
 + Level 3.1 Dodging
 - Level 2.1 Stealth
 + Level 6.7 Spellcasting
 * Level 7.9 Conjurations
 * Level 10.0 Air Magic
 * Level 2.0 Evocations


You had 4 spell levels left.
You knew the following spells:

 Your Spells              Type           Power        Failure   Level  Hunger
a - Shock                 Conj/Air       ####         1%          1    None
b - Swiftness             Chrm/Air       ####....     2%          2    None
c - Static Discharge      Conj/Air       #####...     1%          3    #......
d - Airstrike             Air            ######....   1%          4    ###....
e - Freeze                Ice            #...         11%         1    None
f - Lightning Bolt        Conj/Air       #####.....   8%          5    #####..
g - Sting                 Conj/Pois      ###.         2%          1    None

Your spell library contained the following spells:

 Spells                   Type           Power        Failure   Level  Hunger


Dungeon Overview and Level Annotations

Branches:
Dungeon (9/15)             Temple (1/1) D:6          Bailey (visited)
   Lair: D:8-11         Orc: D:9-12

Altars:
Ashenzari
Cheibriados
Dithmenos
Elyvilon
Fedhas
Gozag
Hepliaklqana
Kikubaaqudgha
Makhleb
Nemelex Xobeh
Okawaru
Qazlal
Ru
Sif Muna
Trog
Uskayaw
Vehumet
Wu Jian
Xom
Yredelemnul
Zin
The Shining One


Innate Abilities, Weirdness & Mutations

You have a beak for a mouth.
You have claws for feet.
You can fly continuously.
You are agile. (Dex +2)
You are robust. (+10% HP)


Message History

Okay, then.
Casting: Airstrike (safe; 1% risk of failure)
Confirm with . or Enter, or press ? or * to list all spells.
You don't have enough magic to cast that spell.
You hit the two-headed ogre but do no damage.
Your kick misses the two-headed ogre.
The two-headed ogre is severely wounded.
The two-headed ogre barely misses you. x2
You sock the two-headed ogre!
You claw the two-headed ogre, but do no damage.
Your peck misses the two-headed ogre.
The two-headed ogre is almost dead.
You barely miss the two-headed ogre. You claw the two-headed ogre.
You peck the two-headed ogre.
The two-headed ogre is almost dead.
The two-headed ogre closely misses you. The two-headed ogre misses you.
You barely miss the two-headed ogre.
The two-headed ogre is almost dead.
The two-headed ogre hits you with a +0 giant spiked club!!
You die...

....................#
..............†.....#
....................#
....................#
..............#######
..............#
########......#
#....O.# #...<@.#
#......# ########


You could see a two-headed ogre.

Vanquished Creatures
  An orc knight (D:7)
  Grinder (Temple)
  A hippogriff (D:7)
  Menkaure (D:6)
  2 orc warriors
  An ice beast (D:5)
  A phantom (D:5)
  3 ogres
  4 centaurs
  A bullfrog (D:6)
  4 wights (D:6)
  3 electric eels (D:6)
  4 crimson imps
  A quasit (D:6)
  3 hounds
  Crazy Yiuf (D:5)
  2 bullfrog zombies
  3 orc priests
  A jelly (D:9)
  A bullfrog skeleton (D:6)
  2 centaur skeletons
  Natasha (thrice) (D:4)
  3 orc wizards
  2 worker ants (D:4)
  A howler monkey zombie (D:5)
  A howler monkey skeleton (D:7)
  A gnoll (Bailey)
  4 adders
  A shadow imp (D:7)
  An ooze (D:1)
  2 worms (D:2)
  3 dart slugs
  6 leopard geckos
  14 orcs
  8 bats
  3 giant cockroaches
  12 goblins
  4 hobgoblins
  10 jackals
  18 kobolds
  2 quokkas
  2 ball pythons
  6 frilled lizards
  A leopard gecko zombie (D:7)
  A quokka skeleton (D:4)
  A quokka zombie (D:7)
  3 rats
154 creatures vanquished.

Notes
Turn   | Place    | Note
-------+----------+-------------------------------------------
     0 | D:1      | Bronimir the Tengu Air Elementalist began the quest for the
                  | Orb.
     0 | D:1      | Reached XP level 1. HP: 10/10 MP: 4/4
   229 | D:1      | Reached XP level 2. HP: 15/15 MP: 0/6
   803 | D:2      | Reached XP level 3. HP: 19/19 MP: 0/7
   807 | D:2      | Learned a level 2 spell: Swiftness
   811 | D:2      | Learned a level 3 spell: Static Discharge
  1230 | D:2      | Found a glowing silver altar of Zin.
  1531 | D:3      | Reached skill level 5 in Air Magic
  2351 | D:3      | Found a faded altar of an unknown god.
  2842 | D:3      | Reached XP level 4. HP: 24/24 MP: 8/8
  3237 | D:4      | Reached skill level 1 in Armour
  3383 | D:4      | Gained mutation: You can fly continuously. [Tengu growth]
  3383 | D:4      | Reached XP level 5. HP: 21/28 MP: 4/9
  3612 | D:4      | Reached skill level 1 in Polearms
  3654 | D:4      | Got a steaming leather armour
  3665 | D:4      | Identified the +2 leather armour of Ycinteco {rF++ Int+3}
                  | (You found it on level 4 of the Dungeon)
  3754 | D:4      | Noticed an ogre
  3774 | D:4      | Killed an ogre
  3774 | D:4      | Reached skill level 1 in Slings
  3774 | D:4      | Reached XP level 6. HP: 29/33 MP: 2/10
  4114 | D:4      | Noticed Natasha
  4121 | D:4      | Learned a level 4 spell: Airstrike
  4123 | D:4      | Killed Natasha
  4554 | D:4      | Found a snail-covered altar of Cheibriados.
  4842 | D:4      | Noticed Natasha
  4847 | D:4      | Killed Natasha
  4964 | D:5      | Entered Level 5 of the Dungeon
  4976 | D:5      | Noticed a phantom
  5016 | D:5      | Killed a phantom
  5016 | D:5      | Reached skill level 1 in Fighting
  5016 | D:5      | Reached skill level 6 in Air Magic
  5140 | D:5      | Reached XP level 7. HP: 6/38 MP: 4/12
  5442 | D:5      | Found a runed translucent door.
  5443 | D:5      | Noticed Crazy Yiuf
  5500 | D:5      | Killed Crazy Yiuf
  6153 | D:6      | Reached skill level 7 in Air Magic
  6512 | D:6      | Found a staircase to the Ecumenical Temple.
  6527 | Temple   | Entered the Ecumenical Temple
  6598 | Temple   | Became a worshipper of Vehumet
  6609 | D:6      | Noticed Grinder
  6611 | D:6      | Paralysed by Grinder for 6 turns
  6635 | Temple   | Killed Grinder
  6635 | Temple   | Reached skill level 1 in Staves
  6635 | Temple   | Reached skill level 5 in Conjurations
  6635 | Temple   | Reached XP level 8. HP: 18/43 MP: 2/15
  7480 | D:6      | Found a shattered altar of Ashenzari.
  7598 | D:6      | Reached skill level 8 in Air Magic
  7644 | D:4      | Noticed Natasha
  7754 | D:4      | Killed Natasha
  7859 | D:5      | Reached skill level 5 in Spellcasting
  8164 | D:5      | Reached * piety under Vehumet
  8164 | D:5      | Offered knowledge of Freeze by Vehumet.
  8167 | D:5      | Learned a level 1 spell: Freeze
  8260 | D:6      | Noticed Menkaure
  8264 | D:6      | Killed Menkaure
  8264 | D:6      | Reached XP level 9. HP: 32/47 MP: 0/18
  8871 | D:6      | Reached skill level 9 in Air Magic
  9502 | D:7      | Found a hazy altar of Hepliaklqana.
  9519 | D:7      | Found a flagged portal.
  9534 | Bailey   | Entered a bailey
  9541 | Bailey   | Learned a level 5 spell: Lightning Bolt
  9543 | Bailey   | Gained mutation: You are robust. (+10% HP) [potion of
                  | mutation]
  9543 | Bailey   | Gained mutation: You are agile. (Dex +2) [potion of
                  | mutation]
  9543 | Bailey   | Gained mutation: You tend to lose your temper in combat.
                  | [potion of mutation]
  9543 | Bailey   | Lost mutation: You tend to lose your temper in combat.
                  | [potion of mutation]
  9686 | Bailey   | Noticed an orc warlord
  9885 | Bailey   | Noticed an orc knight
 10024 | D:7      | Killed an orc knight
 10211 | D:7      | Reached ** piety under Vehumet
 10213 | D:7      | Offered knowledge of Sting by Vehumet.
 10400 | D:7      | Found a hide-covered altar of Uskayaw.
 10615 | D:7      | Found a sacrificial altar of Ru.
 10642 | D:7      | Learned a level 1 spell: Sting
 10701 | D:8      | Reached skill level 10 in Air Magic
 10822 | D:8      | Reached skill level 1 in Evocations
 11188 | D:8      | Found a burning altar of Makhleb.
 11600 | D:9      | Noticed a two-headed ogre
 11633 | D:9      | Slain by a two-headed ogre

Levels and vault maps discovered:
D:1:      mrwooster_arrival_arrow, layout_loops_ring
D:2:      layout_basic, overflow_temple_1_default
D:3:      layout_basic, chequers_ecumenical_altar_simple
D:4:      layout_basic, kennysheep_slug_shrine, first_ration,
          grunt_decor_fettered, kennysheep_windowed_goal, uniq_natasha
D:5:      layout_cave_pools, minmay_increasing_density, uniq_crazy_yiuf_cottage
D:6:      layout_loops_ring, ashenzari_conservatory_becter,
          minmay_temple_entry_ruins, serial_bayou, serial_bayou_pond_a,
          serial_bayou_shore_a, serial_bayou_lagoon_a, serial_bayou_shore_b,
          uniq_menkaure, uniq_grinder
D:7:      layout_cave_pools, eat_drink_and_be_merry_uskayaw,
          lemuel_doored_altar, nicolae_ru_path_of_blood, enter_bailey_3
D:8:      layout_cave_pods, kennysheep_mini
D:9:      minmay_the_grid_square_5x5_3x3 [minmay_the_grid_square_5x5_gyroscope,
          minmay_the_grid_square_5x5_shrine2,
          minmay_the_grid_square_5x5_intrusive_squares,
          minmay_the_grid_square_5x5_bracketed,
          minmay_the_grid_square_5x5_megaprize_checkered,
          minmay_the_grid_square_5x5_meh, minmay_the_grid_square_5x5_checkered,
          minmay_the_grid_square_5x5_tri_point, minmay_the_grid_square_5x5_six],
          layout_irregular_city, lair_entry_dummy, uniq_gastronok
Temple:   eino_wide_crystal_templ

Skill      XL: |  1  2  3  4  5  6  7  8  9 |
---------------+----------------------------+-----
Air Magic      | 5 6 7 8 10 | 10.0
Conjurations   | 2 3 5 6 7 |  7.9
Armour         | 1 2 3 4 |  4.0
Polearms       | 1 2 |  2.2
Slings         | 1 |  1.3
Fighting       | 1 2 |  2.1
Spellcasting   | 3 4 5 6 |  6.7
Staves         | 1 2 |  2.6
Dodging        | 3 |  3.1
Evocations     | 2 |  2.0
Maces & Flails | |  0.6
Bows           | |  0.8
Stealth        | |  2.1

Action                   |  1- 3 |  4- 6 |  7- 9 || total
-------------------------+-------+-------+-------++-------
Melee: Peck              |     6 |     7 |    14 ||    27
       Unarmed           |     1 |       |       ||     1
       Whip              |    24 |       |       ||    24
       Glaive            |    13 |    31 |     8 ||    52
       Kick              |     4 |     8 |    20 ||    32
       Quarterstaff      |       |       |   110 ||   110
 Fire: Hunting sling     |    10 |    13 |       ||    23
       Shortbow          |       |       |     3 ||     3
Throw: Dart              |       |       |     3 ||     3
 Cast: Shock             |    55 |    27 |    30 ||   112
       Swiftness         |       |     1 |     3 ||     4
       Airstrike         |       |    10 |    88 ||    98
       Lightning Bolt    |       |       |     3 ||     3
       Sting             |       |       |     3 ||     3
       Static Discharge  |       |       |     2 ||     2
 Abil: Fly               |       |     1 |       ||     1
Evoke: Wand              |       |       |     1 ||     1
  Use: Scroll            |     4 |     7 |     9 ||    20
       Potion            |       |     1 |     1 ||     2
 Stab: Sleeping          |     4 |       |     1 ||     5
       Distracted        |       |       |     1 ||     1
  Eat: Chunk             |     6 |     4 |    16 ||    26
       Ration            |       |     2 |     4 ||     6
Armor: Robe              |     9 |       |       ||     9
       Leather armour    |     9 |    13 |    60 ||    82
Dodge: Dodged            |    48 |    26 |   163 ||   237
